WCHLSIM.com - West Coast Hockey League
html PUBLIC "-//W3C//DTD XHTML 1.0 Transitional//EN" "http://www.w3.org/TR/xhtml1/DTD/xhtml1-transitional.dtd"> WCHL - Game 289 - BANFF WOLVES vs TEXAS TOROS

BANFF WOLVES vs TEXAS TOROS

Created - 24 novembre 2023 at 00:15

Goals
1 2 3 T
BANFF WOLVES 0 0 0 0
TEXAS TOROS 0 1 2 3
Shots
1 2 3 T
BANFF WOLVES 8 10 5 23
TEXAS TOROS 11 7 7 25

1st period

No Goal

Penalties :
No Penalty

2nd period

1. TEXAS TOROS , Jesse Ylonen 1 (Dougie Hamilton 8, Ryan Poehling 1) at 2:36

Penalties :
No Penalty

3rd period

2. TEXAS TOROS , Ryan Suter 2 (Tyson Barrie 9, Kevin Hayes 5) at 2:48 (PP)
3. TEXAS TOROS , Trevor Zegras 5 (Troy Terry 8, Tyson Barrie 10) at 7:51 (PP)

Penalties :
Ian Cole (BAN) for Interference (Minor) at 1:05, Timo Meier (BAN) for High sticking (Minor) at 7:17, Ryan Suter (TEX) for Hooking (Minor) at 17:49

Goalie Stats

Jeremy Swayman (BAN), 22 saves from 25 shots - (0,880), L, 6-1-0, 60:00 minutes
Philipp Grubauer (TEX), 23 saves from 23 shots - (1,000), W, 4-6-3, 60:00 minutes

Players Stats for BANFF WOLVES

Player Name              G  A  P  +/- PIM S  H  SB GA TA FO     MP     PP MP  PK MP  
------------------------------------------------------------------------------------
Adam Erne                0  0  0   0  0   0  0  0  0  0  0/0     9:58   0:00   0:00 
Cam Fowler               0  0  0   0  0   1  0  1  0  0  0/0    22:10   1:30   1:37 
Elias Lindholm           0  0  0   0  0   1  1  0  0  0  15/22  18:13   0:55   0:00 
Eric Staal               0  0  0   0  0   1  0  0  0  0  4/8     5:24   0:00   0:00 
Ian Cole                 0  0  0   0  2   1  1  4  0  0  0/0    16:13   0:00   0:00 
Jason Dickinson          0  0  0   0  0   3  0  0  0  0  0/0    16:59   0:00   1:32 
Joel Eriksson Ek         0  0  0  -1  0   3  2  1  0  0  15/20  20:11   1:04   1:32 
John Tavares             0  0  0   0  0   2  2  2  0  0  0/0    22:54   0:55   0:00 
Jordan Staal             0  0  0   0  0   1  1  0  0  0  9/17   16:12   0:00   0:45 
Justin Faulk             0  0  0  -1  0   0  0  0  0  0  0/0    18:13   0:29   1:11 
Logan O'Connor           0  0  0   0  0   0  0  0  0  0  1/1     6:09   0:00   0:45 
Mats Zuccarello          0  0  0   0  0   2  0  0  0  0  1/1    18:22   1:04   0:00 
Miro Heiskanen           0  0  0  -1  0   1  0  1  0  0  0/0    21:36   0:29   0:40 
Nick Leddy               0  0  0   0  0   2  2  1  0  0  0/0    17:20   0:00   1:06 
Quinton Hughes           0  0  0   0  0   0  0  0  0  0  0/0    24:27   1:30   0:00 
Roope Hintz              0  0  0  -1  0   2  0  0  0  0  0/0     8:20   0:00   0:00 
Timo Meier               0  0  0   0  2   3  1  0  0  0  0/0    16:21   0:55   0:00 
Tyler Toffoli            0  0  0  -1  0   0  0  0  0  0  2/3    18:39   1:04   0:00 

Players Stats for TEXAS TOROS

Player Name              G  A  P  +/- PIM S  H  SB GA TA FO     MP     PP MP  PK MP  
------------------------------------------------------------------------------------
Danton Heinen            0  0  0   0  0   0  1  0  0  0  0/1    18:38   1:47   0:00 
Dougie Hamilton          0  1  1   1  0   1  0  1  0  0  0/0    25:11   1:13   0:56 
Jesse Ylonen             1  0  1   1  0   4  0  0  0  0  0/0    10:06   0:00   0:00 
Jonathan Toews           0  0  0   0  0   4  0  0  0  0  6/11   13:35   0:30   1:04 
Kevin Hayes              0  1  1   0  0   1  1  1  0  0  7/18   17:16   0:30   0:00 
Mikhail Sergachev        0  0  0   1  0   1  2  2  0  0  0/0    25:11   1:13   0:56 
Miles Wood               0  0  0   0  0   1  2  0  0  0  0/0    17:50   0:00   1:04 
Nate Schmidt             0  0  0   0  0   0  0  2  0  0  0/0    15:57   0:00   1:03 
Owen Power               0  0  0   0  0   0  2  1  0  0  0/0    18:51   0:00   1:03 
Ryan Poehling            0  1  1   1  0   1  1  0  0  0  7/17   11:01   0:00   0:55 
Ryan Suter               1  0  1   0  2   2  1  0  0  0  0/0    18:51   1:04   0:00 
Taylor Raddysh           0  0  0   0  0   3  0  0  0  0  0/2    17:16   0:30   0:00 
Trevor Zegras            1  0  1   0  0   3  2  0  0  0  5/18   18:38   1:47   0:00 
Troy Terry               0  1  1   0  0   1  0  0  0  0  0/2    18:38   1:47   0:00 
Tyson Barrie             0  2  2   0  0   1  0  1  0  0  0/0    15:58   1:04   0:00 
Tyson Foerster           0  0  0   1  0   0  2  0  0  0  0/1    10:06   0:00   0:00 
Wade Allison             0  0  0   0  0   2  2  0  0  0  0/1    12:56   0:00   0:55 
Yegor Chinakhov          0  0  0   0  0   0  0  0  0  0  0/1    12:01   0:00   0:00 

3 Stars

1 - Philipp Grubauer (TEX)
2 - Jesse Ylonen (TEX)
3 - Trevor Zegras (TEX)

Power Play

BANFF WOLVES - 0 on 1 Attempt(s) - 0,00%
TEXAS TOROS - 2 on 2 Attempt(s) - 100,00%

Penalty Kill

BANFF WOLVES - 0 on 2 Attempt(s) - 0,00% - Score 0 goal in Penalty Kill
TEXAS TOROS - 1 on 1 Attempt(s) - 100,00% - Score 0 goal in Penalty Kill

Team Stat

BANFF WOLVES - Hits : 10 - Faceoff Wins : 47 - Blocked Shots : 10 - Penalty Minutes : 4
TEXAS TOROS - Hits : 16 - Faceoff Wins : 25 - Blocked Shots : 8 - Penalty Minutes : 2

Official

Referees : Chris Schlenker and Robert Hennessey
Linesman : Andrew Smith and Bevan Mills

Game Notes

Roope Hintz is injured at 5:37 of 2nd period (Sprained Right Finger)

Finance

Level 1 -- Attendance: 4783 (73,58%) -- Ticket Income 813 110 $
Level 2 -- Attendance: 4228 (76,87%) -- Ticket Income 507 360 $
Level 3 -- Attendance: 2596 (86,53%) -- Ticket Income 233 640 $
Level 4 -- Attendance: 4750 (95,00%) -- Ticket Income 285 000 $
Luxury Box -- Attendance: 647 (64,70%) -- Ticket Income 258 800 $
Game was played at the Red Bull Arena.
Total Attendance: 17004 (80,97%)
Total Ticket Income: 2 097 910 $
Other Expense: 20 979 $
Total Income: 2 076 931 $

BANFF WOLVES

5 vs 5 Forward 
   Center                   Left Wing                Right Wing               Time % Phy DF OF 
 1 Elias Lindholm           John Tavares             Mats Zuccarello          37     0   2  3  
 2 Joel Eriksson Ek         Roope Hintz              Tyler Toffoli            35     0   2  3  
 3 Jordan Staal             Jason Dickinson          Timo Meier               23     0   3  2  
 4 Eric Staal               Adam Erne                Logan O'Connor           5      0   4  1  

5 vs 5 Defense 
   Defense                  Defense                                           Time % Phy DF OF 
 1 Quinton Hughes           Cam Fowler                                        36     0   1  4  
 2 Justin Faulk             Miro Heiskanen                                    31     0   1  4  
 3 Nick Leddy               Ian Cole                                          23     1   3  1  
 4 Miro Heiskanen           Quinton Hughes                                    10     0   0  5  

PowerPlay Forward 
   Center                   Left Wing                Right Wing               Time % Phy DF OF 
 1 Elias Lindholm           John Tavares             Timo Meier               60     0   0  5  
 2 Joel Eriksson Ek         Tyler Toffoli            Mats Zuccarello          40     0   0  5  

PowerPlay Defense
   Defense                  Defense                                           Time % Phy DF OF 
 1 Quinton Hughes           Roope Hintz                                       60     0   0  5  
 2 Cam Fowler               Miro Heiskanen                                    40     0   0  5  

Penalty Kill 4 Players Forward 
   Center                   Wing                     Time % Phy DF OF 
 1 Joel Eriksson Ek         Jason Dickinson          50     0   5  0  
 2 Jordan Staal             Logan O'Connor           50     0   5  0  

Penalty Kill 4 Players Defense
   Defense                  Defense                  Time % Phy DF OF 
 1 Ian Cole                 Justin Faulk             50     0   5  0  
 2 Nick Leddy               Cam Fowler               50     0   5  0  

Penalty Kill - 3 Players Forward 
   Forward                                           Time % Phy DF OF 
 1 Jordan Staal                                      50     0   5  0  
 2 Eric Staal                                        50     0   5  0  

Penalty Kill - 3 Players Defense
   Defense                  Defense                  Time % Phy DF OF 
 1 Justin Faulk             Ian Cole                 50     0   5  0  
 2 Nick Leddy               Cam Fowler               50     0   5  0  

4 vs 4 Forward 
   Center                   Wing                     Time % Phy DF OF 
 1 Joel Eriksson Ek         John Tavares             55     1   2  2  
 2 Elias Lindholm           Roope Hintz              45     1   2  2  

4 vs 4 Defense
   Defense                  Defense                  Time % Phy DF OF 
 1 Justin Faulk             Quinton Hughes           55     1   2  2  
 2 Miro Heiskanen           Cam Fowler               45     1   2  2  

Last Minutes Offensive
   Center                   Left Wing                Right Wing               Defense                  Defense                  
   Elias Lindholm           John Tavares             Tyler Toffoli            Miro Heiskanen           Quinton Hughes           

Last Minutes Defensive
   Center                   Left Wing                Right Wing               Defense                  Defense                  
   Joel Eriksson Ek         Jason Dickinson          Mats Zuccarello          Cam Fowler               Ian Cole                 

Goaltenders
Starting : Jeremy Swayman           
Backup : Jordan Binnington        

Extra Forwards
Normal : John Tavares, Mats Zuccarello, Elias Lindholm - PP : Mats Zuccarello, John Tavares - PK : Joel Eriksson Ek
Extra Defensemen
Normal : Quinton Hughes, Miro Heiskanen, Justin Faulk - PP : Quinton Hughes - PK : Cam Fowler, Miro Heiskanen
Penalty Shots
Mats Zuccarello, Elias Lindholm, John Tavares, Tyler Toffoli, Timo Meier
Custom OT Lines Forwards
John Tavares, Mats Zuccarello, Elias Lindholm, Tyler Toffoli, Joel Eriksson Ek, Timo Meier, Jordan Staal, Eric Staal, Jason Dickinson, Logan O'Connor
Custom OT Lines Defensemen
Miro Heiskanen, Quinton Hughes, Justin Faulk, Cam Fowler, Nick Leddy

Scratches
Adam Henrique (Left Hand Injury), Simon Benoit (Healthy)

TEXAS TOROS

5 vs 5 Forward 
   Center                   Left Wing                Right Wing               Time % Phy DF OF 
 1 Trevor Zegras            Danton Heinen            Troy Terry               36     1   2  2  
 2 Kevin Hayes              Miles Wood               Taylor Raddysh           31     1   2  2  
 3 Jonathan Toews           Yegor Chinakhov          Wade Allison             23     1   2  2  
 4 Ryan Poehling            Jesse Ylonen             Tyson Foerster           10     1   2  2  

5 vs 5 Defense 
   Defense                  Defense                                           Time % Phy DF OF 
 1 Mikhail Sergachev        Dougie Hamilton                                   36     1   2  2  
 2 Owen Power               Ryan Suter                                        31     1   2  2  
 3 Tyson Barrie             Nate Schmidt                                      23     1   2  2  
 4 Mikhail Sergachev        Dougie Hamilton                                   10     1   2  2  

PowerPlay Forward 
   Center                   Left Wing                Right Wing               Time % Phy DF OF 
 1 Trevor Zegras            Danton Heinen            Troy Terry               55     0   1  4  
 2 Kevin Hayes              Jonathan Toews           Taylor Raddysh           45     1   1  3  

PowerPlay Defense
   Defense                  Defense                                           Time % Phy DF OF 
 1 Mikhail Sergachev        Dougie Hamilton                                   55     0   1  4  
 2 Tyson Barrie             Ryan Suter                                        45     1   1  3  

Penalty Kill 4 Players Forward 
   Center                   Wing                     Time % Phy DF OF 
 1 Jonathan Toews           Miles Wood               55     1   3  1  
 2 Ryan Poehling            Wade Allison             45     1   3  1  

Penalty Kill 4 Players Defense
   Defense                  Defense                  Time % Phy DF OF 
 1 Mikhail Sergachev        Dougie Hamilton          55     1   3  1  
 2 Owen Power               Ryan Suter               45     1   3  1  

Penalty Kill - 3 Players Forward 
   Forward                                           Time % Phy DF OF 
 1 Jonathan Toews                                    55     1   3  1  
 2 Ryan Poehling                                     45     1   3  1  

Penalty Kill - 3 Players Defense
   Defense                  Defense                  Time % Phy DF OF 
 1 Mikhail Sergachev        Dougie Hamilton          55     1   3  1  
 2 Owen Power               Ryan Suter               45     1   3  1  

4 vs 4 Forward 
   Center                   Wing                     Time % Phy DF OF 
 1 Trevor Zegras            Troy Terry               55     1   2  2  
 2 Kevin Hayes              Miles Wood               45     1   2  2  

4 vs 4 Defense
   Defense                  Defense                  Time % Phy DF OF 
 1 Mikhail Sergachev        Dougie Hamilton          55     1   2  2  
 2 Tyson Barrie             Ryan Suter               45     1   2  2  

Last Minutes Offensive
   Center                   Left Wing                Right Wing               Defense                  Defense                  
   Trevor Zegras            Danton Heinen            Troy Terry               Mikhail Sergachev        Dougie Hamilton          

Last Minutes Defensive
   Center                   Left Wing                Right Wing               Defense                  Defense                  
   Jonathan Toews           Danton Heinen            Troy Terry               Mikhail Sergachev        Dougie Hamilton          

Goaltenders
Starting : Philipp Grubauer         
Backup : Daniil Tarasov           

Extra Forwards
Normal : Jesse Ylonen, Ryan Poehling, Wade Allison - PP : Jesse Ylonen, Ryan Poehling - PK : Wade Allison
Extra Defensemen
Normal : Owen Power, Nate Schmidt, Tyson Barrie - PP : Owen Power - PK : Nate Schmidt, Tyson Barrie
Penalty Shots
Trevor Zegras, Kevin Hayes, Troy Terry, Mikhail Sergachev, Taylor Raddysh
Custom OT Lines Forwards
Jonathan Toews, Kevin Hayes, Troy Terry, Trevor Zegras, Taylor Raddysh, Ryan Poehling, Wade Allison, Danton Heinen, Tyson Foerster, Miles Wood
Custom OT Lines Defensemen
Mikhail Sergachev, Dougie Hamilton, Tyson Barrie, Ryan Suter, Owen Power

Scratches
Colin Blackwell (Healthy), Adin Hill (Right Ankle Injury)

% Time on Ice - BANFF WOLVES

Lines # - Real PCT - Wanted PCT - Time Play
Normal Forward
1 - 31% - 37% - 17:18
2 - 32% - 35% - 17:35
3 - 28% - 23% - 15:27
4 - 10% - 5% - 5:24
Normal Defense
1 - 33% - 36% - 18:11
2 - 30% - 31% - 16:33
3 - 29% - 23% - 16:14
4 - 9% - 10% - 4:46
PP Forward
1 - 46% - 60% - 0:55
2 - 54% - 40% - 1:04
PP Defense
1 - 100% - 60% - 1:59
2 - 0% - 40% - 0:00
PK Forward
1 - 67% - 50% - 1:32
2 - 33% - 50% - 0:45
PK Defense
1 - 52% - 50% - 1:11
2 - 48% - 50% - 1:06
PK3 Forward
1 - 0% - 50%
2 - 0% - 50%
PK3 Defense
1 - 0% - 50%
2 - 0% - 50%
44 Forward
1 - 0% - 55%
2 - 0% - 45%
44 Defense
1 - 0% - 55%
2 - 0% - 45%
Last Minute Offensive  - 0:00
Last Minute Defensive  - 0:00
Total
Forward - 60:00
Defense - 60:00

% Time on Ice - TEXAS TOROS

Lines # - Real PCT - Wanted PCT - Time Play
Normal Forward
1 - 30% - 36% - 16:51
2 - 30% - 31% - 16:46
3 - 22% - 23% - 12:01
4 - 18% - 10% - 10:06
Normal Defense
1 - 35% - 36% - 19:17
2 - 32% - 31% - 17:48
3 - 27% - 23% - 14:54
4 - 7% - 10% - 3:45
PP Forward
1 - 78% - 55% - 1:47
2 - 22% - 45% - 0:30
PP Defense
1 - 53% - 55% - 1:13
2 - 47% - 45% - 1:04
PK Forward
1 - 54% - 55% - 1:04
2 - 46% - 45% - 0:55
PK Defense
1 - 47% - 55% - 0:56
2 - 53% - 45% - 1:03
PK3 Forward
1 - 0% - 55%
2 - 0% - 45%
PK3 Defense
1 - 0% - 55%
2 - 0% - 45%
44 Forward
1 - 0% - 55%
2 - 0% - 45%
44 Defense
1 - 0% - 55%
2 - 0% - 45%
Last Minute Offensive  - 0:00
Last Minute Defensive  - 0:00
Total
Forward - 60:00
Defense - 60:00

Play-by-Play

1st period


0:01 of 1st period - Elias Lindholm wins face-off versus Trevor Zegras in neutral zone.
0:21 of 1st period - Icing by Quinton Hughes.
0:22 of 1st period - Kevin Hayes wins face-off versus Elias Lindholm in BANFF WOLVES zone.
0:38 of 1st period - Shot by Taylor Raddysh.
0:38 of 1st period - Shot Misses the Net.
0:40 of 1st period - Shot by Ryan Suter.
0:40 of 1st period - Stopped by Jeremy Swayman without a rebound.
0:41 of 1st period - Jonathan Toews wins face-off versus Joel Eriksson Ek in BANFF WOLVES zone.
0:47 of 1st period - Shot by Jonathan Toews.
0:47 of 1st period - Stopped by Jeremy Swayman with a rebound.
1:03 of 1st period - Shot by Joel Eriksson Ek.
1:03 of 1st period - Stopped by Philipp Grubauer without a rebound.
1:04 of 1st period - Jordan Staal wins face-off versus Ryan Poehling in TEXAS TOROS zone.
1:07 of 1st period - Shot by Timo Meier.
1:07 of 1st period - Stopped by Philipp Grubauer without a rebound.
1:08 of 1st period - Ryan Poehling wins face-off versus Jordan Staal in TEXAS TOROS zone.
1:08 of 1st period - Ryan Poehling is hit by Jordan Staal.
1:44 of 1st period - Shot by Jason Dickinson.
1:44 of 1st period - Stopped by Philipp Grubauer without a rebound.
1:45 of 1st period - Joel Eriksson Ek wins face-off versus Troy Terry in TEXAS TOROS zone.
1:59 of 1st period - Tyler Toffoli is hit by Owen Power and loses puck.
2:37 of 1st period - Ryan Suter is hit by Joel Eriksson Ek and loses puck.
3:23 of 1st period - Shot by Miles Wood.
3:23 of 1st period - Stopped by Jeremy Swayman without a rebound.
3:24 of 1st period - Elias Lindholm wins face-off versus Jonathan Toews in BANFF WOLVES zone.
3:24 of 1st period - Elias Lindholm is hit by Wade Allison.
3:50 of 1st period - Shot by Wade Allison.
3:50 of 1st period - Shot Blocked by Ian Cole.
3:52 of 1st period - Shot by Jonathan Toews.
3:52 of 1st period - Shot Blocked by Ian Cole.
3:54 of 1st period - Shot by Tyson Barrie.
3:54 of 1st period - Stopped by Jeremy Swayman without a rebound.
3:55 of 1st period - Kevin Hayes wins face-off versus Jordan Staal in BANFF WOLVES zone.
4:00 of 1st period - Shot by Mikhail Sergachev.
4:00 of 1st period - Shot Blocked by Cam Fowler.
5:09 of 1st period - Shot by Jonathan Toews.
5:09 of 1st period - Shot Blocked by Ian Cole.
5:19 of 1st period - Shot by Jonathan Toews.
5:19 of 1st period - Shot Blocked by John Tavares.
5:30 of 1st period - Jonathan Toews is hit by Ian Cole and loses puck.
5:48 of 1st period - Icing by Mats Zuccarello.
5:49 of 1st period - Elias Lindholm wins face-off versus Troy Terry in BANFF WOLVES zone.
6:03 of 1st period - Shot by Trevor Zegras.
6:03 of 1st period - Shot Misses the Net.
6:19 of 1st period - Shot by Trevor Zegras.
6:19 of 1st period - Shot Blocked by Ian Cole.
6:21 of 1st period - Shot by Troy Terry.
6:21 of 1st period - Stopped by Jeremy Swayman without a rebound.
6:22 of 1st period - Ryan Poehling wins face-off versus Eric Staal in BANFF WOLVES zone.
6:29 of 1st period - Shot by Ryan Poehling.
6:29 of 1st period - Stopped by Jeremy Swayman without a rebound.
6:30 of 1st period - Ryan Poehling wins face-off versus Joel Eriksson Ek in BANFF WOLVES zone.
6:33 of 1st period - Shot by Dougie Hamilton.
6:33 of 1st period - Shot Blocked by Joel Eriksson Ek.
9:37 of 1st period - Shot by Mikhail Sergachev.
9:37 of 1st period - Stopped by Jeremy Swayman without a rebound.
9:38 of 1st period - Elias Lindholm wins face-off versus Ryan Poehling in BANFF WOLVES zone.
9:40 of 1st period - Icing by Mats Zuccarello.
9:41 of 1st period - Elias Lindholm wins face-off versus Kevin Hayes in BANFF WOLVES zone.
10:32 of 1st period - Off-side.
10:33 of 1st period - Trevor Zegras wins face-off versus Eric Staal in neutral zone.
11:08 of 1st period - Shot by Trevor Zegras.
11:08 of 1st period - Stopped by Jeremy Swayman without a rebound.
11:09 of 1st period - Jonathan Toews wins face-off versus Joel Eriksson Ek in BANFF WOLVES zone.
11:27 of 1st period - Shot by Tyson Barrie.
11:27 of 1st period - Shot Misses the Net.
11:31 of 1st period - Shot by Jonathan Toews.
11:31 of 1st period - Shot Misses the Net.
11:33 of 1st period - Shot by Wade Allison.
11:33 of 1st period - Shot Misses the Net.
11:41 of 1st period - Shot by Jonathan Toews.
11:41 of 1st period - Stopped by Jeremy Swayman without a rebound.
11:42 of 1st period - Elias Lindholm wins face-off versus Ryan Poehling in BANFF WOLVES zone.
14:11 of 1st period - Shot by Kevin Hayes.
14:11 of 1st period - Shot Misses the Net.
14:51 of 1st period - Shot by Elias Lindholm.
14:51 of 1st period - Stopped by Philipp Grubauer without a rebound.
14:52 of 1st period - Eric Staal wins face-off versus Jonathan Toews in TEXAS TOROS zone.
15:27 of 1st period - Icing by Justin Faulk.
15:28 of 1st period - Eric Staal wins face-off versus Tyson Foerster in BANFF WOLVES zone.
15:28 of 1st period - Eric Staal is hit by Tyson Foerster.
15:59 of 1st period - Shot by Owen Power.
15:59 of 1st period - Shot Misses the Net.
16:01 of 1st period - Shot by Jesse Ylonen.
16:01 of 1st period - Stopped by Jeremy Swayman without a rebound.
16:02 of 1st period - Elias Lindholm wins face-off versus Trevor Zegras in BANFF WOLVES zone.
16:02 of 1st period - Elias Lindholm is hit by Trevor Zegras.
16:46 of 1st period - Shot by Elias Lindholm.
16:46 of 1st period - Deflect By Mats Zuccarello.
16:46 of 1st period - Stopped by Philipp Grubauer without a rebound.
16:47 of 1st period - Joel Eriksson Ek wins face-off versus Kevin Hayes in TEXAS TOROS zone.
16:48 of 1st period - Shot by Tyler Toffoli.
16:48 of 1st period - Shot Misses the Net.
16:50 of 1st period - Shot by Nick Leddy.
16:50 of 1st period - Stopped by Philipp Grubauer without a rebound.
16:51 of 1st period - Joel Eriksson Ek wins face-off versus Kevin Hayes in TEXAS TOROS zone.
18:00 of 1st period - Quinton Hughes is hit by Wade Allison and loses puck.
18:50 of 1st period - Off-side.
18:51 of 1st period - Jordan Staal wins face-off versus Ryan Poehling in neutral zone.
19:00 of 1st period - Shot by Jordan Staal.
19:00 of 1st period - Shot Misses the Net.
19:02 of 1st period - Shot by Miro Heiskanen.
19:02 of 1st period - Shot Misses the Net.
19:04 of 1st period - Shot by Jason Dickinson.
19:04 of 1st period - Stopped by Philipp Grubauer with a rebound.
19:24 of 1st period - Shot by Jason Dickinson.
19:24 of 1st period - Stopped by Philipp Grubauer without a rebound.
19:25 of 1st period - Joel Eriksson Ek wins face-off versus Trevor Zegras in TEXAS TOROS zone.
19:28 of 1st period - Shot by Roope Hintz.
19:28 of 1st period - Shot Misses the Net.
19:54 of 1st period - Shot by Trevor Zegras.
19:54 of 1st period - Stopped by Jeremy Swayman without a rebound.
19:55 of 1st period - Elias Lindholm wins face-off versus Taylor Raddysh in BANFF WOLVES zone.
Goals for this period are 0 for BANFF WOLVES vs 0 for TEXAS TOROS.
Shots for this period are 8 for BANFF WOLVES vs 11 for TEXAS TOROS.

2nd period


0:01 of 2nd period - Elias Lindholm wins face-off versus Trevor Zegras in neutral zone.
0:12 of 2nd period - Shot by Trevor Zegras.
0:12 of 2nd period - Shot Misses the Net.
0:34 of 2nd period - Mikhail Sergachev is hit by John Tavares.
0:51 of 2nd period - Icing by Cam Fowler.
0:52 of 2nd period - Elias Lindholm wins face-off versus Kevin Hayes in BANFF WOLVES zone.
0:52 of 2nd period - Elias Lindholm is hit by Miles Wood.
1:56 of 2nd period - Shot by Jonathan Toews.
1:56 of 2nd period - Stopped by Jeremy Swayman with a rebound.
1:58 of 2nd period - Shot by Wade Allison.
1:58 of 2nd period - Stopped by Jeremy Swayman without a rebound.
1:59 of 2nd period - Tyler Toffoli wins face-off versus Ryan Poehling in BANFF WOLVES zone.
2:03 of 2nd period - Miro Heiskanen is hit by Tyson Foerster and loses puck.
2:28 of 2nd period - Shot by Roope Hintz.
2:28 of 2nd period - Stopped by Philipp Grubauer with a rebound.
2:34 of 2nd period - Shot by Dougie Hamilton.
2:34 of 2nd period - Stopped by Jeremy Swayman with a rebound.
2:36 of 2nd period - Shot by Jesse Ylonen.
2:36 of 2nd period - Goal by Jesse Ylonen - BANFF WOLVES : 0 - TEXAS TOROS : 1.
2:37 of 2nd period - Jordan Staal wins face-off versus Trevor Zegras in neutral zone.
2:46 of 2nd period - Shot by Timo Meier.
2:46 of 2nd period - Shot Misses the Net.
4:18 of 2nd period - Shot by Roope Hintz.
4:18 of 2nd period - Stopped by Philipp Grubauer without a rebound.
4:19 of 2nd period - Jonathan Toews wins face-off versus Eric Staal in TEXAS TOROS zone.
4:27 of 2nd period - Icing by Dougie Hamilton.
4:28 of 2nd period - Jonathan Toews wins face-off versus Elias Lindholm in TEXAS TOROS zone.
4:43 of 2nd period - Shot by Jonathan Toews.
4:43 of 2nd period - Stopped by Jeremy Swayman without a rebound.
4:44 of 2nd period - Trevor Zegras wins face-off versus Jordan Staal in BANFF WOLVES zone.
4:49 of 2nd period - Shot by Trevor Zegras.
4:49 of 2nd period - Shot Misses the Net.
5:23 of 2nd period - Shot by Timo Meier.
5:23 of 2nd period - Shot Blocked by Tyson Barrie.
5:25 of 2nd period - Shot by Jordan Staal.
5:25 of 2nd period - Shot Blocked by Nate Schmidt.
5:27 of 2nd period - Shot by Jordan Staal.
5:27 of 2nd period - Stopped by Philipp Grubauer without a rebound.
5:28 of 2nd period - Joel Eriksson Ek wins face-off versus Jonathan Toews in TEXAS TOROS zone.
5:36 of 2nd period - Roope Hintz is hit by Mikhail Sergachev and loses puck.
5:37 of 2nd period - Roope Hintz from BANFF WOLVES is injured at 5:37 of 2nd period (Sprained Right Finger).
5:38 of 2nd period - Kevin Hayes wins face-off versus Joel Eriksson Ek in TEXAS TOROS zone.
5:56 of 2nd period - Shot by Joel Eriksson Ek.
5:56 of 2nd period - Shot Blocked by Mikhail Sergachev.
6:18 of 2nd period - Shot by Joel Eriksson Ek.
6:18 of 2nd period - Shot Misses the Net.
6:55 of 2nd period - Icing by Wade Allison.
6:56 of 2nd period - Jonathan Toews wins face-off versus Eric Staal in TEXAS TOROS zone.
7:49 of 2nd period - Shot by Jason Dickinson.
7:49 of 2nd period - Shot Blocked by Owen Power.
9:40 of 2nd period - Shot by Joel Eriksson Ek.
9:40 of 2nd period - Shot Misses the Net.
10:14 of 2nd period - Shot by Adam Erne.
10:14 of 2nd period - Shot Misses the Net.
10:16 of 2nd period - Shot by Joel Eriksson Ek.
10:16 of 2nd period - Stopped by Philipp Grubauer without a rebound.
10:17 of 2nd period - Jordan Staal wins face-off versus Taylor Raddysh in TEXAS TOROS zone.
10:53 of 2nd period - Icing by Tyson Barrie.
10:54 of 2nd period - Kevin Hayes wins face-off versus Elias Lindholm in TEXAS TOROS zone.
10:54 of 2nd period - Kevin Hayes is hit by Elias Lindholm.
11:18 of 2nd period - Quinton Hughes is hit by Owen Power and loses puck.
11:22 of 2nd period - Icing by Ryan Suter.
11:23 of 2nd period - Joel Eriksson Ek wins face-off versus Ryan Poehling in TEXAS TOROS zone.
11:36 of 2nd period - Shot by Jesse Ylonen.
11:36 of 2nd period - Stopped by Jeremy Swayman without a rebound.
11:37 of 2nd period - Ryan Poehling wins face-off versus Jordan Staal in BANFF WOLVES zone.
12:27 of 2nd period - Icing by Cam Fowler.
12:28 of 2nd period - Jordan Staal wins face-off versus Kevin Hayes in BANFF WOLVES zone.
12:56 of 2nd period - Off-side.
12:57 of 2nd period - Trevor Zegras wins face-off versus Tyler Toffoli in neutral zone.
13:08 of 2nd period - Ian Cole is hit by Danton Heinen.
13:28 of 2nd period - Shot by John Tavares.
13:28 of 2nd period - Stopped by Philipp Grubauer without a rebound.
13:29 of 2nd period - Eric Staal wins face-off versus Jonathan Toews in TEXAS TOROS zone.
13:36 of 2nd period - Shot by Eric Staal.
13:36 of 2nd period - Deflect By Logan O'Connor.
13:36 of 2nd period - Shot Misses the Net.
13:38 of 2nd period - Shot by Miro Heiskanen.
13:38 of 2nd period - Deflect By Eric Staal.
13:38 of 2nd period - Stopped by Philipp Grubauer without a rebound.
13:39 of 2nd period - Jordan Staal wins face-off versus Kevin Hayes in TEXAS TOROS zone.
13:44 of 2nd period - Shot by Timo Meier.
13:44 of 2nd period - Shot Blocked by Mikhail Sergachev.
13:46 of 2nd period - Shot by Timo Meier.
13:46 of 2nd period - Stopped by Philipp Grubauer with a rebound.
14:03 of 2nd period - Icing by Kevin Hayes.
14:04 of 2nd period - Kevin Hayes wins face-off versus Elias Lindholm in TEXAS TOROS zone.
14:47 of 2nd period - Ryan Suter is hit by John Tavares and loses puck.
15:40 of 2nd period - Shot by Wade Allison.
15:40 of 2nd period - Shot Misses the Net.
15:47 of 2nd period - Icing by Ian Cole.
15:48 of 2nd period - Ryan Poehling wins face-off versus Elias Lindholm in BANFF WOLVES zone.
15:56 of 2nd period - Mats Zuccarello is hit by Ryan Poehling and loses puck.
16:58 of 2nd period - Off-side.
16:59 of 2nd period - Kevin Hayes wins face-off versus Jordan Staal in neutral zone.
17:37 of 2nd period - Shot by Taylor Raddysh.
17:37 of 2nd period - Stopped by Jeremy Swayman without a rebound.
17:38 of 2nd period - Joel Eriksson Ek wins face-off versus Trevor Zegras in BANFF WOLVES zone.
18:45 of 2nd period - Off-side.
18:46 of 2nd period - Elias Lindholm wins face-off versus Kevin Hayes in neutral zone.
18:52 of 2nd period - Shot by Mats Zuccarello.
18:52 of 2nd period - Shot Blocked by Nate Schmidt.
18:54 of 2nd period - Shot by Mats Zuccarello.
18:54 of 2nd period - Stopped by Philipp Grubauer with a rebound.
18:58 of 2nd period - Shot by Elias Lindholm.
18:58 of 2nd period - Shot Misses the Net.
19:00 of 2nd period - Shot by Ian Cole.
19:00 of 2nd period - Stopped by Philipp Grubauer with a rebound.
19:02 of 2nd period - Shot by Nick Leddy.
19:02 of 2nd period - Stopped by Philipp Grubauer without a rebound.
19:03 of 2nd period - Jordan Staal wins face-off versus Yegor Chinakhov in TEXAS TOROS zone.
Goals for this period are 0 for BANFF WOLVES vs 1 for TEXAS TOROS.
Shots for this period are 10 for BANFF WOLVES vs 7 for TEXAS TOROS.

3rd period


0:01 of 3rd period - Tyler Toffoli wins face-off versus Danton Heinen in neutral zone.
0:30 of 3rd period - Shot by Joel Eriksson Ek.
0:30 of 3rd period - Stopped by Philipp Grubauer without a rebound.
0:31 of 3rd period - Eric Staal wins face-off versus Kevin Hayes in TEXAS TOROS zone.
0:51 of 3rd period - Miles Wood is hit by Nick Leddy and loses puck.
1:01 of 3rd period - Owen Power is hit by Nick Leddy and loses puck.
1:05 of 3rd period - Minor Penalty to Ian Cole for Interference.
1:06 of 3rd period - Joel Eriksson Ek wins face-off versus Trevor Zegras in BANFF WOLVES zone.
2:34 of 3rd period - Shot by Tyson Barrie.
2:34 of 3rd period - Shot Blocked by Miro Heiskanen.
2:46 of 3rd period - Shot by Tyson Barrie.
2:46 of 3rd period - Shot Misses the Net.
2:48 of 3rd period - Shot by Ryan Suter.
2:48 of 3rd period - Goal by Ryan Suter - BANFF WOLVES : 0 - TEXAS TOROS : 2.
2:49 of 3rd period - Elias Lindholm wins face-off versus Ryan Poehling in neutral zone.
3:15 of 3rd period - Shot by Jesse Ylonen.
3:15 of 3rd period - Stopped by Jeremy Swayman without a rebound.
3:16 of 3rd period - Joel Eriksson Ek wins face-off versus Kevin Hayes in BANFF WOLVES zone.
3:16 of 3rd period - Joel Eriksson Ek is hit by Kevin Hayes.
3:22 of 3rd period - Shot by Tyler Toffoli.
3:22 of 3rd period - Shot Misses the Net.
3:34 of 3rd period - Shot by Tyler Toffoli.
3:34 of 3rd period - Shot Blocked by Kevin Hayes.
4:09 of 3rd period - Jason Dickinson is hit by Miles Wood and loses puck.
5:25 of 3rd period - Shot by Miro Heiskanen.
5:25 of 3rd period - Stopped by Philipp Grubauer without a rebound.
5:26 of 3rd period - Joel Eriksson Ek wins face-off versus Trevor Zegras in TEXAS TOROS zone.
5:26 of 3rd period - Tyler Toffoli is hit by Ryan Suter and loses puck.
5:53 of 3rd period - Shot by Troy Terry.
5:53 of 3rd period - Shot Blocked by John Tavares.
6:33 of 3rd period - Shot by Eric Staal.
6:33 of 3rd period - Shot Misses the Net.
6:35 of 3rd period - Shot by Adam Erne.
6:35 of 3rd period - Shot Misses the Net.
7:17 of 3rd period - Minor Penalty to Timo Meier for High sticking.
7:18 of 3rd period - Joel Eriksson Ek wins face-off versus Trevor Zegras in BANFF WOLVES zone.
7:18 of 3rd period - Joel Eriksson Ek is hit by Trevor Zegras.
7:25 of 3rd period - Icing by Ryan Suter.
7:26 of 3rd period - Joel Eriksson Ek wins face-off versus Trevor Zegras in TEXAS TOROS zone.
7:51 of 3rd period - Shot by Trevor Zegras.
7:51 of 3rd period - Goal by Trevor Zegras - BANFF WOLVES : 0 - TEXAS TOROS : 3.
7:52 of 3rd period - Elias Lindholm wins face-off versus Ryan Poehling in neutral zone.
9:30 of 3rd period - Shot by Kevin Hayes.
9:30 of 3rd period - Deflect By Taylor Raddysh.
9:30 of 3rd period - Stopped by Jeremy Swayman without a rebound.
9:31 of 3rd period - Jordan Staal wins face-off versus Trevor Zegras in BANFF WOLVES zone.
10:23 of 3rd period - Icing by Troy Terry.
10:24 of 3rd period - Mats Zuccarello wins face-off versus Trevor Zegras in TEXAS TOROS zone.
10:43 of 3rd period - Shot by John Tavares.
10:43 of 3rd period - Stopped by Philipp Grubauer without a rebound.
10:44 of 3rd period - Joel Eriksson Ek wins face-off versus Kevin Hayes in TEXAS TOROS zone.
11:20 of 3rd period - Shot by Taylor Raddysh.
11:20 of 3rd period - Shot Blocked by Nick Leddy.
11:22 of 3rd period - Shot by Kevin Hayes.
11:22 of 3rd period - Stopped by Jeremy Swayman without a rebound.
11:23 of 3rd period - Jordan Staal wins face-off versus Jonathan Toews in BANFF WOLVES zone.
11:34 of 3rd period - Shot by Timo Meier.
11:34 of 3rd period - Shot Misses the Net.
11:36 of 3rd period - Shot by Cam Fowler.
11:36 of 3rd period - Stopped by Philipp Grubauer without a rebound.
11:37 of 3rd period - Logan O'Connor wins face-off versus Ryan Poehling in TEXAS TOROS zone.
12:15 of 3rd period - Icing by Owen Power.
12:16 of 3rd period - Elias Lindholm wins face-off versus Ryan Poehling in TEXAS TOROS zone.
12:19 of 3rd period - Shot by John Tavares.
12:19 of 3rd period - Shot Misses the Net.
12:53 of 3rd period - Elias Lindholm is hit by Mikhail Sergachev and loses puck.
13:04 of 3rd period - Shot by Mats Zuccarello.
13:04 of 3rd period - Shot Misses the Net.
14:15 of 3rd period - Shot by Tyler Toffoli.
14:15 of 3rd period - Shot Misses the Net.
14:29 of 3rd period - Shot by Jason Dickinson.
14:29 of 3rd period - Deflect By Timo Meier.
14:29 of 3rd period - Stopped by Philipp Grubauer without a rebound.
14:30 of 3rd period - Kevin Hayes wins face-off versus Jordan Staal in TEXAS TOROS zone.
14:46 of 3rd period - Off-side.
14:47 of 3rd period - Trevor Zegras wins face-off versus Jordan Staal in neutral zone.
16:02 of 3rd period - Shot by Taylor Raddysh.
16:02 of 3rd period - Stopped by Jeremy Swayman without a rebound.
16:03 of 3rd period - Ryan Poehling wins face-off versus Elias Lindholm in BANFF WOLVES zone.
16:45 of 3rd period - Icing by Elias Lindholm.
16:46 of 3rd period - Elias Lindholm wins face-off versus Kevin Hayes in BANFF WOLVES zone.
17:26 of 3rd period - Taylor Raddysh is hit by Joel Eriksson Ek and loses puck.
17:44 of 3rd period - Icing by Joel Eriksson Ek.
17:45 of 3rd period - Joel Eriksson Ek wins face-off versus Trevor Zegras in BANFF WOLVES zone.
17:49 of 3rd period - Minor Penalty to Ryan Suter for Hooking.
17:50 of 3rd period - Jonathan Toews wins face-off versus Elias Lindholm in TEXAS TOROS zone.
18:23 of 3rd period - Mikhail Sergachev is hit by Timo Meier.
18:55 of 3rd period - Shot by Cam Fowler.
18:55 of 3rd period - Shot Blocked by Dougie Hamilton.
19:24 of 3rd period - Off-side.
19:25 of 3rd period - Joel Eriksson Ek wins face-off versus Wade Allison in neutral zone.
19:39 of 3rd period - Icing by Tyler Toffoli.
19:40 of 3rd period - Ryan Poehling wins face-off versus Joel Eriksson Ek in BANFF WOLVES zone.
19:41 of 3rd period - Shot by Wade Allison.
19:41 of 3rd period - Stopped by Jeremy Swayman with a rebound.
19:54 of 3rd period - Icing by Owen Power.
19:55 of 3rd period - Trevor Zegras wins face-off versus Jordan Staal in TEXAS TOROS zone.
Goals for this period are 0 for BANFF WOLVES vs 2 for TEXAS TOROS.
Shots for this period are 5 for BANFF WOLVES vs 7 for TEXAS TOROS.


BLAKE
WHEELER
STEVEN
STAMKOS
DREW
DOUGHTY

EAST COAST

HOCKEY LEAGUE

  • 63.RHI2PIT5
  • 64.WOR4ATL3
  • 65.QUECHW
  • 66.CHATRV